 Dungeon Crawl Stone Soup version 0.30-a0-883-g5ad918d77d (webtiles) character file.

Game seed: 9597706795650799987

14 FexLirch the Grave Robber (level 2, 0/19 HPs)
             Began as a Mummy Necromancer on Mar 17, 2023.
             Slain by an ufetubus (3 damage)
             ... on level 2 of the Dungeon on Mar 18, 2023.
             The game lasted 00:02:33 (1195 turns).

FexLirch the Grave Robber (Mummy Necromancer)       Turns: 1195, Time: 00:02:33

Health: 0/19       AC:  3    Str: 11    XL:     2   Next: 31%
Magic:  6/6        EV: 12    Int: 14    God:
Gold:   57         SH:  0    Dex: 12    Spells: 6/7 levels left

rFire   x . .      SeeInvis .    f - +1 whip
rCold   + . .      Faith    +    (no shield)
rNeg    + + +      Spirit   .    a - +1 robe
rPois   ∞          Reflect  .    (no helmet)
rElec   .          Rampage  .    (no cloak)
rCorr   .                        (no gloves)
Will    .....                    (no boots)
Stlth   ++                       (no amulet)
HPRegen 0.23/turn                (no ring)
MPRegen 0.10/turn                (no ring)

@: no status effects
A: cold resistance 1, negative energy resistance 3, torment resistance 2, heat
vulnerability 1, no potions, faith
a: no special abilities


You were on level 2 of the Dungeon.
You visited 1 branch of the dungeon, and saw 2 of its levels.

You collected 57 gold pieces.

Inventory:

Hand Weapons
 f - a +1 whip (weapon)
Armour
 a - a +1 robe (worn)
Scrolls
 d - a scroll of identify {unknown}
 e - a scroll of amnesia {unknown}


   Skills:
 - Level 1.5 Dodging
 - Level 1.5 Stealth
 + Level 3.1 Spellcasting
 * Level 4.4 Necromancy


You had 6 spell levels left.
You knew the following spells:

 Your Spells              Type           Power      Damage    Failure   Level
a - Necrotise             Necr           56%        1d6       3%          1

Your spell library contained the following spells:

 Spells                   Type           Power      Damage    Failure   Level
 Vampiric Draining        Necr           14%        2d7       11%         3
 Animate Dead             Necr           14%        N/A       34%         4
 Agony                    Necr           14%        N/A       67%         5


Dungeon Overview and Level Annotations

Branches:
Dungeon (2/15)

Altars:


Innate Abilities, Weirdness & Mutations

You are immune to poison.
Your flesh is cold resistant. (rC+)
You are immune to negative energy. (rN+++)
You are immune to unholy pain and torment.
You are vulnerable to heat. (rF-)
You do not drink.
You have a special connection with the divine. (Faith)


Message History

There is a stone staircase leading down here.
You see here a +0 dagger.
There is a stone staircase leading down here.
You climb downwards.
There is a stone staircase leading up here.
Found a stone staircase leading down.
Found a white marble altar of Elyvilon.
An ufetubus is nearby!
The ufetubus attacks as you move away! The ufetubus hits you.
The ufetubus barely misses you. The ufetubus hits you.
The ufetubus barely misses you.
You hit the ufetubus but do no damage. The ufetubus barely misses you.
The ufetubus closely misses you. The ufetubus misses you.
The ufetubus hits you.
You miss the ufetubus. The ufetubus misses you. The ufetubus hits you.
You miss the ufetubus. The ufetubus barely misses you.
The ufetubus hits you. x2
The ufetubus barely misses you.
You can't drink.
Okay, then.
Unknown command.
Okay, then.
Unknown command.
Sorry, you're not good enough to have a special ability.
Okay, then.
Okay, then.
Unknown command.
As you read the scroll labelled EWALUUGISM, it crumbles to dust.
It is a scroll of enchant weapon.
Your +0 whip glows red for a moment.
The ufetubus barely misses you.
The ufetubus misses you. x2; The ufetubus barely misses you.
You miss the ufetubus. The ufetubus misses you. The ufetubus hits you.
* * * LOW HITPOINT WARNING * * *
As you read the scroll labelled IPSIFA VALO, it crumbles to dust.
It is a scroll of enchant armour.
Your +0 robe glows green for a moment.
The ufetubus hits you.
* * * LOW HITPOINT WARNING * * *
The ufetubus hits you.
* * * LOW HITPOINT WARNING * * *
The ufetubus misses you. The ufetubus hits you.
You die...

.# ..####### .####..
........ ......# #.....#
.###### ###.._..###
.######## #..........
........> #.......#
############## #....####
.............########.####
############....@5....#
############


You could see an ufetubus.

Vanquished Creatures
  2 endoplasms (D:1)
  3 goblins (D:1)
  A hobgoblin (D:1)
  2 ball pythons (D:1)
  A frilled lizard (D:1)
  A kobold (D:1)
  5 rats (D:1)
15 creatures vanquished.

Notes
Turn   | Place    | Note
-------+----------+-------------------------------------------
     0 | D:1      | FexLirch the Mummy Necromancer began the quest for the Orb.
     0 | D:1      | Reached XP level 1. HP: 13/13 MP: 4/4
   475 | D:1      | Reached XP level 2. HP: 19/19 MP: 4/6
  1195 | D:2      | Slain by an ufetubus

Illustrated notes

Levels and vault maps discovered:
D:1:      dpeg_chamrin_arrival_tetris, layout_basic, st_stairs_7, minivault_4
D:2:      layout_loops_ring, hellmonk_ecumenical_altar_slurped_away, basic_altar

Skill      XL: |  1 |
---------------+----+-----
Spellcasting   | 3 |  3.1
Dodging        | |  1.5
Stealth        | |  1.5
Necromancy     | |  4.4

Action                     || total
---------------------------++-------
  Melee: Whip              ||     4
   Cast: Necrotise         ||    20
    Use: Scroll            ||     2
 Armour: Robe              ||     1
  Dodge: Dodged            ||    15

Table legend: (Time is in decaauts)
 A = Elapsed time spent in this place.
 B = Non-inter-level travel time spent in this place.
 C = Inter-level travel time spent in this place.
 D = Time resting spent in this place.
 E = Time spent auto-exploring this place.
 F = Levels seen in this place.
 G = Mean time per level.
                   A        B        C        D        E       F      G
               +--------+--------+--------+--------+--------+-----+--------+
         Total |   1194 |   1055 |    139 |      0 |    945 |   2 |  597.0 |
       Dungeon |   1194 |   1055 |    139 |      0 |    945 |   2 |  597.0 |
               +--------+--------+--------+--------+--------+-----+--------+

Top non-repeatable levels by time:
     D:1: 1139 daAuts
     D:2: 55 daAuts
